 Dungeon Crawl Stone Soup version 0.18-a0-5-gf1fb587 (webtiles) character file.

32 mrath the Digger (level 3, -1/19 HPs)
             Began as a Gargoyle Earth Elementalist on Nov 1, 2015.
             Slain by Raultor's ghost (9 damage)
             ... on level 4 of the Dungeon.
             The game lasted 00:14:54 (1616 turns).

mrath the Digger (Gargoyle Earth Elementalist)      Turns: 1616, Time: 00:14:55

Health: -1/19      AC:  6    Str: 11    XL:     3   Next: 25%
Magic:  7/7        EV:  7    Int: 16    God:
Gold:   37         SH:  0    Dex: 10    Spells: 3 memorised, 2 levels left

rFire  . . .     SeeInvis .     m - +0 whip
rCold  . . .     Clarity  .     b - +0 robe
rNeg   + . .     SustAt   .     (no shield)
rPois  ∞         Gourm    .     (no helmet)
rElec  +         Spirit   .     l - +0 cloak
rCorr  .         Warding  .     (no gloves)
rMut   .         Stasis   .     (no boots)
MR     .....                    (no amulet)
Stlth  ++........               (no ring)
                                (no ring)

@: not resistant to hostile enchantments, unstealthy
A: negative energy resistance 1, electricity resistance, unbreathing,
petrification resistance, rot immunity, AC +3
a: no special abilities


You were on level 4 of the Dungeon.
You were not hungry.

You visited 1 branch of the dungeon, and saw 3 of its levels.

You collected 37 gold pieces.

Inventory:

Hand Weapons
 h - a +0 short sword
 m - a +0 whip (weapon)
Missiles
 a - 83 stones (quivered)
 q - 48 sling bullets
Armour
 b - a +0 robe (worn)
 l - a +0 cloak (worn)
Jewellery
 o - an uncursed amulet of rage {unknown}
Scrolls
 f - a scroll of identify {unknown}
 i - a scroll of recharging {unknown}
 k - a scroll of remove curse {unknown}
 p - a scroll of teleportation {unknown}
 r - 2 scrolls of enchant weapon {unknown}
Potions
 e - a potion of curing {unknown}
 g - a potion of invisibility
Books
 c - a book of Geomancy

   Spells                             Type                      Level
   a - Sandblast                      Earth                        1
   b - Stoneskin                      Transmutation/Earth          2
   c - Passwall                       Transmutation/Earth          3
   d - Stone Arrow                    Conjuration/Earth            3
   e - Petrify                        Transmutation/Earth          4
   f - Lee's Rapid Deconstruction     Earth                        5
Comestibles
 d - a bread ration
 j - a slice of pizza
 n - 2 beef jerkies
 s - a chunk of flesh


   Skills:
 - Level 1.5 Dodging
 - Level 2.1 Stealth
 * Level 3.0 Spellcasting
 + Level 0.0 Conjurations
 - Level 0.7 Transmutations
 + Level 4.2 Earth Magic


You had 2 spell levels left.
You knew the following spells:

 Your Spells              Type           Power        Failure   Level  Hunger
a - Sandblast             Erth           ###...       4%          1    #......
b - Stoneskin             Trmt/Erth      ##......     12%         2    ##.....
c - Stone Arrow           Conj/Erth      #.....       28%         3    ###....


Dungeon Overview and Level Annotations

Branches:
Dungeon (4/15)
 Temple: D:4-7

Altars:

Annotations:
D:4 Raultor's ghost, amateur GrFi


Innate Abilities, Weirdness & Mutations

You are resistant to torment.
Your stone body is resilient (AC +3).
You are immune to poison.
You resist negative energy.
You are resistant to electric shocks.
You can survive without breathing.
You are immune to petrification.
You are immune to rotting.


Message History

Things that are here:
a club; a ring mail; a goblin corpse You butcher the goblin corpse.
s - a chunk of flesh
Things that are here:
a club; a ring mail You start resting.
Magic restored.
a - 81 stones (gained 1)
a - 82 stones (gained 1)
a - 83 stones (gained 1)
You fall through a shaft for 2 floors!
The shaft crumbles and collapses.
A player ghost and a skeleton come into view.
Raultor's ghost turns its malevolent gaze towards you.
Found a bread ration.
Found a stone staircase leading up.
Raultor's ghost hits you!
There is a stone staircase leading up here.
The hound skeleton bites you. Raultor's ghost hits you!
You die...

###############
...............
#........#
#........#
#........#
#........#
#W.......#
#@Z..%...#
#........#
###...####
#.### +#


You could see Raultor's ghost and a hound skeleton.

Vanquished Creatures
  2 giant geckos (D:1)
  A ball python (D:1)
  A giant cockroach (D:1)
  4 goblins
  4 hobgoblins (D:1)
  8 kobolds (D:1)
  6 bats
  A giant newt (D:1)
27 creatures vanquished.

Notes
Turn   | Place    | Note
--------------------------------------------------------------
     0 | D:1      | mrath the Gargoyle Earth Elementalist began the quest for the Orb.
     0 | D:1      | Reached XP level 1. HP: 10/10 MP: 3/3
   281 | D:1      | Reached XP level 2. HP: 15/15 MP: 3/5
   930 | D:1      | Reached skill level 4 in Earth Magic
  1110 | D:1      | Reached XP level 3. HP: 19/19 MP: 2/7
  1407 | D:1      | Learned a level 2 spell: Stoneskin
  1411 | D:1      | Learned a level 3 spell: Stone Arrow
  1610 | D:2      | You fall through a shaft for 2 floors!
  1610 | D:4      | Noticed Raultor's ghost (amateur GrFi)
  1616 | D:4      | Slain by Raultor's ghost

Vault maps used:
D:1:      dpeg_arrival_round_a, minmay_cupped
D:2:      serial_park_tiny_2
D:4:      first_bread, hangedman_decor_opposing

Action                   || total
-------------------------++-------
Melee: Whip              ||    10
 Cast: Sandblast         ||    34
  Eat: Chunk             ||     2
